 Dungeon Crawl Stone Soup version 0.26-a0-708-g17f3b190f9 (webtiles) character file.

Game seed: 11800248308653861857

8366 vt the Cleaver (level 11, -9/129 HPs)
             Began as a Human Delver on Oct 28, 2020.
             Was a High Priest of Okawaru.
             Mangled by a minotaur
             ... wielding the +10 trident "Egg" {vorpal, rC+ Dex+3}
              (16 damage)
             ... in a Gauntlet on Oct 29, 2020.
             The game lasted 00:56:52 (3713 turns).

vt the Cleaver (Human Delver)                       Turns: 3713, Time: 00:56:53

Health: -9/129     AC: 25    Str: 22    XL:     11   Next: 54%
Magic:  0/14       EV:  2    Int: 10    God:    Okawaru [*****.]
Gold:   346        SH:  0    Dex: 15    Spells: 10/10 levels left

rFire    + . .     SeeInvis +   s - +2 lajatang (speed) {god gift}
rCold    + . .     Faith    .   (shield currently unavailable)
rNeg     + + +     Spirit   +   (armour currently unavailable)
rPois    +         Reflect  .   (helmet currently unavailable)
rElec    +         Harm     .   (cloak currently unavailable)
rCorr    +         Rampage  .   (gloves currently unavailable)
MR       .....     NoTele   +   (boots currently unavailable)
Stlth    ++++......             e - amulet of guardian spirit {!d}
HPRegen  0.31/turn              D - +6 ring of strength
MPRegen  0.14/turn              F - ring of see invisible

@: tree-form, resistant, heroism, finesse, hasted, very quick
A: no striking features
a: Heroism, Finesse, Renounce Religion


You were in a Gauntlet.
You worshipped Okawaru.
Okawaru was extremely pleased with you.
You were a tree.
You visited 2 branches of the dungeon, and saw 12 of its levels.
You also visited: Gauntlet.

You collected 346 gold pieces.

Inventory:

Hand Weapons
 a - a +3 battleaxe
   (You took it off an orc warrior on level 9 of the Dungeon)
 b - a +0 hunting sling
   (You took it off a goblin on level 2 of the Dungeon)
 h - a +0 scimitar of flaming
   (You took it off Erica on level 9 of the Dungeon)
 i - a +2 dagger of electrocution
   (You took it off Nergalle on level 11 of the Dungeon)
 s - a +2 lajatang of speed (weapon) {god gift}
   (Okawaru gifted it to you in a Gauntlet)
 C - a +0 shortbow of freezing
   (You took it off a centaur on level 6 of the Dungeon)
 M - a +0 trident
   (You took it off an orc priest on level 7 of the Dungeon)
 X - a +2 battleaxe
   (You took it off a wight on level 10 of the Dungeon)
Missiles
 c - 74 arrows
 r - 99 stones (quivered)
 K - 28 bolts
Armour
 m - a +2 pair of boots (melded)
   (You found it on level 4 of the Dungeon)
 t - the -2 cloak of Sin {-Cast Regen+ Stlth+}
   (You found it in a Gauntlet)

   It prevents spellcasting.
   It increases your rate of regeneration.
   It makes you more stealthy.
 y - the +0 helmet of Unreason (melded) {Int+2}
   (You found it in a Gauntlet)

   It affects your intelligence (+2).
 G - a scarf of repulsion (melded)
   (You found it on level 7 of the Dungeon)
 J - the +2 cloak "Qutrodim" {Str+7}
   (You found it on level 7 of the Dungeon)

   It affects your strength (+7).
 S - a +0 plate armour (melded)
   (You took it off an orc warrior on level 9 of the Dungeon)
 W - a +2 scale mail of fire resistance
   (You took it off an orc priest on level 10 of the Dungeon)
Jewellery
 e - an amulet of guardian spirit (around neck) {!d}
   (You took it off an orc on level 7 of the Dungeon)
 n - an uncursed amulet of reflection
   (You found it on level 3 of the Dungeon)
 o - an uncursed ring of flight
   (You found it on level 3 of the Dungeon)
 A - an uncursed ring of positive energy
   (You found it on level 5 of the Dungeon)
 D - a +6 ring of strength (left branch)
   (You found it on level 6 of the Dungeon)
 F - a ring of see invisible (right branch)
   (You found it on level 6 of the Dungeon)
 Q - an uncursed ring of wizardry {!d}
   (You found it on level 9 of the Dungeon)
Wands
 g - a wand of digging (2)
 u - a wand of random effects (18)
   (You found it on level 5 of the Dungeon)
 w - a wand of acid (5)
   (You found it on level 4 of the Dungeon)
 Z - a wand of polymorph (6)
   (You found it on level 11 of the Dungeon)
Scrolls
 d - 2 scrolls of magic mapping
 j - 2 scrolls of remove curse {@r2}
 l - a scroll of fog
 q - 3 scrolls of teleportation {@r4}
 v - a scroll of silence {unknown}
 x - a scroll of vulnerability {unknown}
 O - a scroll of blinking {unknown}
 P - a scroll of amnesia
 Y - a scroll of enchant armour
Potions
 f - 2 potions of haste {@q3}
 p - a potion of ambrosia
 z - a potion of invisibility
 B - 2 potions of curing {@q1}
 H - a potion of berserk rage {unknown}
 L - a potion of stabbing


   Skills:
 + Level 8.0(13.0) Fighting
 - Level 13.4(18.4) Axes
 - Level 6.0(11.0) Dodging
 - Level 5.0(10.0) Stealth
 - Level 5.0 Invocations


You had 10 spell levels left.
You didn't know any spells.
Your spell library contained the following spells:

 Spells                   Type           Power        Failure   Level
 Foxfire                  Conj/Fire      #...         36%         1
 Magic Dart               Conj           #...         36%         1
 Sandblast                Erth           #.....       36%         1
 Blink                    Tloc           N/A          50%         2
 Call Imp                 Summ           #.......     50%         2
 Passwall                 Tmut/Erth      #.......     50%         2
 Slow                     Hex            #.......     50%         2
 Conjure Flame            Conj/Fire      #.......     75%         3
 Inner Flame              Hex/Fire       #.......     75%         3
 Mephitic Cloud           Conj/Pois/Air  #.......     75%         3
 Stone Arrow              Conj/Erth      #.....       75%         3
 Petrify                  Tmut/Erth      #.......     98%         4
 Sticky Flame             Conj/Fire      #.......     98%         4
 Fireball                 Conj/Fire      #.........   100%        5
 Lee's Rapid Deconstruct  Erth           #.........   100%        5


Dungeon Overview and Level Annotations

Branches:
Dungeon (11/15)            Temple (1/1) D:4            Lair (0/6) D:8
Gauntlet (1/1)
    Orc: D:9-12

Altars:
Ashenzari
Fedhas
Gozag
Hepliaklqana
Nemelex Xobeh
Okawaru
Trog
Vehumet
Wu Jian
Xom
Yredelemnul
Zin
The Shining One

Shops:
D:10 (

Annotations:
D:3 Sigmund
D:5 exclusion: downstairs
D:9 exclusion: downstairs
D:10 exclusion: upstairs
D:11 1 exclusion, Harold Gauntlet 4 transporters, 11 runed translucent doors


Message History

You hit the ufetubus.
The ufetubus is heavily wounded.
You slash the ufetubus!
You kill the ufetubus!
Okawaru accepts your kill.
You see here 22 gold pieces.
You now have 346 gold pieces (gained 22).
You see here a brightly glowing helmet.
You start putting on your armour.
You continue putting on your brightly glowing helmet. x4
You finish putting on the +0 helmet of Unreason {Int+2}.
You feel clever.
There is a transporter here.
You enter the transporter and appear at another place.
You feel like a meek peon again.
Your hands slow down.
b - a +0 hunting sling (weapon)
You swing at nothing.
You swing at nothing.
You swing at nothing.
You swing at nothing.
You swing at nothing.
You swing at nothing.
You swing at nothing.
You swing at nothing.
You swing at nothing.
You swing at nothing.
You swing at nothing.
You swing at nothing.
a - a +3 battleaxe (weapon)
Char dumped successfully.
Your hands tingle!
s - a +2 lajatang of speed (weapon)
{god gift} You gain the combat prowess of a mighty hero.
You fail to use your ability.
Okay, then.
You open the door.
A minotaur comes into view.
It is wielding the +10 trident "Egg" {vorpal, rC+ Dex+3}.
The minotaur drinks a potion.
The minotaur seems to speed up.
Found a dagger.
Found a gate leading back out of this place.
You can now deal lightning-fast blows.
The minotaur hits you from afar with the +10 trident "Egg" {vorpal, rC+ Dex+3}!
* * * LOW MAGIC WARNING * * *
x2 The minotaur hits you with the +10 trident "Egg" {vorpal, rC+ Dex+3}!
* * * LOW MAGIC WARNING * * *
The minotaur gores you but does no damage.
The minotaur hits you with the +10 trident "Egg" {vorpal, rC+ Dex+3}!
* * * LOW MAGIC WARNING * * *;
* * * LOW HITPOINT WARNING * * *
x2 The minotaur closely misses you.
Press: ? - help, v - describe, . - travel
Here: a minotaur, wielding the +10 trident "Egg" {vorpal, rC+ Dex+3}, wearing a +0 plate armour and quivering 39 arrows (fast)
The floor.
Fire/throw which item? (* to show all) (? for menu, Esc to quit)
Okay, then.
Really quaff the potion of lignification?
You turn into a tree.
The haze of the repulsion field disappears.
Your roots penetrate the ground.
The minotaur hits you with the +10 trident "Egg" {vorpal, rC+ Dex+3}!
* * * LOW MAGIC WARNING * * *;
* * * LOW HITPOINT WARNING * * *
* * * LOW MAGIC WARNING * * *
The minotaur gores you!
* * * LOW HITPOINT WARNING * * *
You feel yourself speed up.
The minotaur hits you with the +10 trident "Egg" {vorpal, rC+ Dex+3}!
* * * LOW HITPOINT WARNING * * *
x2 The minotaur completely misses you.
You feel much better.
The minotaur hits you but does no damage.
The minotaur gores you but does no damage.
You slash the minotaur!
The minotaur is lightly wounded.
The minotaur hits you but does no damage.
The minotaur gores you!
* * * LOW HITPOINT WARNING * * *
You hit the minotaur but do no damage.
The minotaur is lightly wounded.
You completely miss the minotaur.
The minotaur furiously retaliates!
The minotaur headbutts you.
* * * LOW MAGIC WARNING * * *;
* * * LOW HITPOINT WARNING * * *
The minotaur is lightly wounded.
The minotaur hits you with the +10 trident "Egg" {vorpal, rC+ Dex+3}.
* * * LOW HITPOINT WARNING * * *;
* * * LOW MAGIC WARNING * * *
* * * LOW HITPOINT WARNING * * *
The minotaur gores you!
* * * LOW HITPOINT WARNING * * *
Okay, then.
Okay, then.
As you read the scroll labeled KEFIGESHOR, it crumbles to dust.
Wisps of shadow whirl around you...
It was a scroll of summoning.
It was a potion of resistance.
You feel protected.
The minotaur hits you with the +10 trident "Egg" {vorpal, rC+ Dex+3}.
* * * LOW HITPOINT WARNING * * *
x2 The minotaur gores you but does no damage.
You feel better.
The minotaur hits you with the +10 trident "Egg" {vorpal, rC+ Dex+3}!
You die...

. ▓ ©▓..▓...≡≡≡≡≡≡≡
.[▓..▓.8.≡≡....≡
▓.?▓..▓...≡≡.≡≡.≡
▓▓.▓..▓.8....≡≡.≡
...▓..▓...≡≡.≡≡.###
▓▓▓▓.§▓...≡≡..J.#.# ≈#
....§≈▓.©.≡≡.≡≡h#.#.≈≈#
....§∩▓......≡≡h♣HJJ∩≈#
.....§▓.©.≡≡.≡≡h#J#.≈≈#
▓▓▓▓..▓...≡≡.h..#.# ≈#
...▓..▓...≡≡.≡≡.###
...▓..▓.8....≡≡.≡
...▓..▓...≡≡.≡≡.≡
.▓.▓..▓.8.≡≡....≡
░.©▓..▓...≡


≡≡≡≡ .▓.▓..▓≈8≈≡ You could see a minotaur (fast), 4 friendly slime creatures and
4 friendly wolves.

Vanquished Creatures
  Erica (D:9)
  Nergalle (D:11)
  A sixfirhy (Gauntlet)
  An ugly thing (D:11)
  A moth of wrath (Gauntlet)
  A torpor snail (Gauntlet)
  A gargoyle (D:11)
  A centaur simulacrum (Gauntlet)
  A vampire (D:11)
  12 yaks
  Edmund (D:6)
  2 orc warriors
  A sky beast (D:5)
  An ice beast (D:7)
  An ogre (D:11)
  A necrophage (D:8)
  4 wolves (Gauntlet)
  7 centaurs
  4 bullfrogs
  A wyvern zombie (D:6)
  A cane toad simulacrum (Gauntlet)
  A wyvern skeleton (D:6)
  2 scorpions
  6 wights
  4 howler monkeys
  A bullfrog zombie (D:8)
  3 hounds
  2 jellies
  5 orc priests
  A bullfrog skeleton (D:7)
  Jessica (D:3)
  5 iguanas
  2 orc wizards
  A bullfrog simulacrum (Gauntlet)
  2 hound zombies
  2 worker ant zombies
  5 adders
  2 shadow imps
  A white imp (D:6)
  5 ufetubi
  An ooze (D:7)
  An adder skeleton (D:8)
  2 adder zombies
  7 leopard geckos
  23 orcs
  A ball python (D:1)
  3 giant cockroaches
  2 goblins
  A hobgoblin (D:1)
  11 jackals
  A kobold (D:1)
  4 quokkas
  A bat (D:1)
  A leopard gecko zombie (D:5)
  2 rats (D:3)
157 creatures vanquished.

Vanquished Creatures (others)
  13 withered plants (Gauntlet)
13 creatures vanquished.

Grand Total: 170 creatures vanquished

Notes
Turn   | Place    | Note
-------+----------+-------------------------------------------
     0 | D:5      | vt the Human Delver began the quest for the Orb.
     0 | D:5      | Reached XP level 1. HP: 18/18 MP: 1/1
    34 | D:5      | Noticed a hound
    36 | D:5      | Killed a hound
    36 | D:5      | Reached skill level 3 in Axes
    36 | D:5      | Reached XP level 2. HP: 24/24 MP: 2/2
    36 | D:5      | Reached XP level 3. HP: 29/29 MP: 3/3
    64 | D:4      | Reached skill level 4 in Axes
    64 | D:4      | Reached XP level 4. HP: 35/35 MP: 4/4
    67 | D:4      | Found a staircase to the Ecumenical Temple.
    79 | Temple   | Entered the Ecumenical Temple
   120 | Temple   | Became a worshipper of Warmaster Okawaru
   613 | D:3      | Noticed Jessica
   653 | D:3      | Killed Jessica
   653 | D:3      | Reached XP level 5. HP: 26/41 MP: 5/5
   680 | D:3      | Reached skill level 5 in Axes
   703 | D:3      | Noticed Sigmund
   808 | D:4      | Noticed a phantom
   829 | D:5      | oh
   936 | D:6      | Reached XP level 6. HP: 31/47 MP: 6/6
   953 | D:6      | Reached skill level 6 in Axes
   998 | D:5      | Noticed a sky beast
  1048 | D:5      | Killed a sky beast
  1048 | D:5      | Reached * piety under Okawaru
  1185 | D:5      | Reached skill level 1 in Invocations
  1185 | D:5      | Reached XP level 7. HP: 21/52 MP: 7/7
  1300 | D:6      | Reached skill level 7 in Axes
  1477 | D:6      | Reached skill level 8 in Axes
  1497 | D:6      | Reached skill level 4 in Fighting
  1497 | D:6      | Reached XP level 8. HP: 23/60 MP: 5/8
  1504 | D:6      | Reached ** piety under Okawaru
  1510 | D:6      | HP: 11/61 [wyvern zombie (9)]
  1511 | D:6      | Reached skill level 5 in Fighting
  1924 | D:6      | Noticed Edmund
  1948 | D:6      | Killed Edmund
  1948 | D:6      | Reached skill level 6 in Fighting
  1948 | D:6      | Reached skill level 2 in Invocations
  2014 | D:6      | Reached skill level 3 in Invocations
  2023 | D:7      | Got a warped cloak
  2087 | D:6      | Identified the +2 cloak "Qutrodim" {Str+7} (You found it on
                  | level 7 of the Dungeon)
  2188 | D:7      | Reached XP level 9. HP: 33/69 MP: 8/11
  2253 | D:7      | Reached skill level 9 in Axes
  2361 | D:8      | Found a staircase to the Lair.
  2480 | D:7      | Reached skill level 10 in Axes
  2790 | D:9      | Noticed Erica
  2812 | D:9      | Killed Erica
  2812 | D:9      | Reached *** piety under Okawaru
  2812 | D:9      | Reached skill level 7 in Fighting
  2903 | D:10     | Entered Level 10 of the Dungeon
  2927 | D:10     | Found Tuchup's Weapon Shop.
  2955 | D:9      | Noticed a guardian serpent
  3045 | D:10     | Reached XP level 10. HP: 63/79 MP: 12/12
  3183 | D:11     | Noticed Nergalle
  3206 | D:11     | Killed Nergalle
  3206 | D:11     | Reached **** piety under Okawaru
  3206 | D:11     | Reached skill level 8 in Fighting
  3206 | D:11     | Reached skill level 11 in Axes
  3211 | D:11     | Noticed a green ugly thing
  3225 | D:11     | Killed a green ugly thing
  3318 | D:11     | Reached skill level 12 in Axes
  3347 | D:11     | Noticed Harold
  3353 | D:11     | Noticed a gargoyle
  3359 | D:11     | Killed a gargoyle
  3359 | D:11     | Reached skill level 3 in Dodging
  3368 | D:11     | Reached skill level 4 in Dodging
  3383 | D:11     | Reached skill level 5 in Dodging
  3395 | D:11     | Reached ***** piety under Okawaru
  3395 | D:11     | Reached skill level 6 in Dodging
  3396 | D:11     | Reached XP level 11. HP: 68/86 MP: 2/13
  3400 | D:11     | Reached skill level 4 in Invocations
  3415 | D:11     | Found a gate leading to a gauntlet.
  3425 | Gauntlet | Entered a Gauntlet
  3425 | Gauntlet | Found a transporter.
  3425 | Gauntlet | Found a transporter.
  3435 | Gauntlet | Found a transporter.
  3437 | Gauntlet | Found a large runed translucent door.
  3438 | Gauntlet | Found a large runed translucent door.
  3439 | Gauntlet | Found a large runed translucent door.
  3439 | Gauntlet | Found a large runed translucent door.
  3439 | Gauntlet | Found a runed translucent door.
  3439 | Gauntlet | Found a runed translucent door.
  3440 | Gauntlet | Found a large runed translucent door.
  3441 | Gauntlet | Found a large runed translucent door.
  3442 | Gauntlet | Found a large runed translucent door.
  3442 | Gauntlet | Found a large runed translucent door.
  3443 | Gauntlet | Found a runed translucent gate.
  3443 | Gauntlet | Found a runed translucent gate.
  3443 | Gauntlet | Found a runed translucent gate.
  3445 | Gauntlet | Found a transporter.
  3445 | Gauntlet | Noticed a moth of wrath
  3454 | Gauntlet | Found a large runed translucent door.
  3454 | Gauntlet | Found a large runed translucent door.
  3455 | Gauntlet | Found a large runed translucent door.
  3456 | Gauntlet | Found a large runed translucent door.
  3460 | Gauntlet | Found a transporter.
  3470 | Gauntlet | Found a transporter.
  3485 | Gauntlet | Found a transporter.
  3491 | Gauntlet | Found a transporter.
  3495 | Gauntlet | Noticed a sixfirhy
  3504 | Gauntlet | Noticed a reaper
  3506 | Gauntlet | Found a transporter.
  3509 | Gauntlet | Found a transporter.
  3512 | Gauntlet | Found a transporter.
  3518 | Gauntlet | Found a transporter.
  3545 | Gauntlet | Reached skill level 5 in Invocations
  3553 | Gauntlet | Found a large runed translucent door.
  3553 | Gauntlet | Found a large runed translucent door.
  3553 | Gauntlet | Found a large runed translucent door.
  3553 | Gauntlet | Found a large runed translucent door.
  3574 | Gauntlet | Killed a moth of wrath
  3595 | Gauntlet | Received a gift from Okawaru
  3595 | Gauntlet | Reached skill level 13 in Axes
  3609 | Gauntlet | Got a smoking cloak
  3619 | Gauntlet | Identified the cursed -2 cloak of Sin {-Cast Regen+ Stlth+}
                  | (You found it in a Gauntlet)
  3658 | Gauntlet | Killed a sixfirhy
  3671 | Gauntlet | Got a brightly glowing helmet
  3676 | Gauntlet | Identified the +0 helmet of Unreason {Int+2} (You found it
                  | in a Gauntlet)
  3702 | Gauntlet | Identified the +10 trident "Egg" {vorpal, rC+ Dex+3}
  3702 | Gauntlet | Noticed a minotaur
  3703 | Gauntlet | Found the +10 Black Knight's barding {ponderous, rPois rN+}
  3705 | Gauntlet | HP: 32/129 [minotaur/the +10 trident "Egg" {vorpal, rC+
                  | Dex+3} (7)]
  3706 | Gauntlet | HP: 14/129 [minotaur/the +10 trident "Egg" {vorpal, rC+
                  | Dex+3} (4)]
  3712 | Gauntlet | HP: 2/129 [minotaur/the +10 trident "Egg" {vorpal, rC+
                  | Dex+3} (6)]
  3713 | Gauntlet | Mangled by a minotaur

Illustrated notes

. .░ .░.
░+░.. ...
..... ..░
░.░.░ ░..
..░.░
..░░░░.░.░
░.░@...░.░
░.░░░░.░.░
░........░
░░.░░░.░░░
░...░░.░
░...░░.░░░░░░
░...░░.░....░
░...░░.░....░
░░░..░.░....░


Turn 829 on D:5: oh

Levels and vault maps discovered:
D:1:      lemuel_arrival_funnel, layout_basic
D:2:      layout_basic
D:3:      kennysheep_goblin_castle, layout_rooms, serial_rivers,
          chequers_serial_rivers_small_3, chequers_serial_rivers_room_b,
          chequers_serial_rivers_micro_d, chequers_serial_rivers_room_a,
          hangedman_glass_teeth, minmay_crystal_room, uniq_jessica, uniq_sigmund
D:4:      layout_basic, minmay_temple_entry_sparse_star
D:5:      layout_basic, nicolae_ossuary_entry_plus
D:6:      layout_loops_ring, minivault_22, minmay_misc_feat_chi,
          minmay_starry_boxes, uniq_edmund
D:7:      layout_loops_cross
D:8:      layout_cave_pods, eat_drink_and_be_merry_uskayaw, lair_entry_dummy,
          chequers_serial_rivers_room_b, chequers_serial_rivers_micro_c,
          guppyfry_early_elven_hall, uniq_joseph
D:9:      layout_loops_corners, nrook_guardian_serpent_ordinary, uniq_erica,
          uniq_gastronok
D:10:     wander_river, layout_cave_pods, erik_orc_3, serial_shops,
          kennysheep_mini, roderic_lattice_a
D:11:     layout_basic, gauntlet_entry_generic, serial_shops, shop, uniq_harold,
          uniq_nergalle
Temple:   regret_index_temple_sigil_plot
Gauntlet: gammafunk_gauntlet_shortcut [gammafunk_gauntlet_arena_arrow_garden,
          gammafunk_gauntlet_arena_split_x,
          gammafunk_gauntlet_arena_split_diamond,
          minmay_gauntlet_arena_make_your_own_arena, nicolae_gauntlet_arena_x,
          nicolae_gauntlet_arena_t_cross, gauntlet_exit_watery]

Skill      XL: |  1  2  3  4  5  6  7  8  9 10 11 |
---------------+----------------------------------+-----
Axes           | 3 4 5 6 8 10 12 13 | 13.4
Invocations    | 1 3 5 |  5.0
Fighting       | 4 6 7 8 |  8.0
Dodging        | 6 |  6.0
Stealth        | |  5.0

Action                   |  1- 3 |  4- 6 |  7- 9 | 10-12 || total
-------------------------+-------+-------+-------+-------++-------
Melee: Hand axe          |     1 |   184 |   236 |       ||   421
       Punch             |       |     1 |     3 |       ||     4
       Battleaxe         |       |       |    28 |   116 ||   144
       Lajatang          |       |       |       |     3 ||     3
 Fire: Hunting sling     |       |     7 |    17 |       ||    24
       Shortbow          |       |       |    10 |       ||    10
Throw: Stone             |       |     8 |     6 |       ||    14
Invok: Heroism           |       |     1 |    15 |    10 ||    26
       Finesse           |       |       |       |     3 ||     3
 Abil: Evoke Flight      |       |     1 |       |       ||     1
Evoke: Wand              |     3 |     2 |    12 |     3 ||    20
  Use: Potion            |       |     1 |     2 |     8 ||    11
       Scroll            |       |       |    14 |     5 ||    19
 Stab: Paralysed         |       |       |     4 |       ||     4
Armor: Leather armour    |       |     8 |       |       ||     8
       Scale mail        |       |    40 |    23 |       ||    63
       Skin              |       |     2 |       |     4 ||     6
       Chain mail        |       |       |    63 |       ||    63
       Plate armour      |       |       |    13 |    56 ||    69
Dodge: Dodged            |       |    87 |    79 |    51 ||   217
Block: Other             |       |    52 |    31 |       ||    83
       Reflection        |       |       |     3 |       ||     3

Table legend: (Time is in decaauts)
 A = Elapsed time spent in this place.
 B = Non-inter-level travel time spent in this place.
 C = Inter-level travel time spent in this place.
 D = Time resting spent in this place.
 E = Time spent auto-exploring this place.
 F = Levels seen in this place.
 G = Mean time per level.
                   A        B        C        D        E       F      G
               +--------+--------+--------+--------+--------+-----+--------+
         Total |   3712 |   3639 |     73 |      0 |      0 |  13 |  285.5 |
       Dungeon |   3365 |   3305 |     60 |      0 |      0 |  11 |  305.9 |
        Temple |     72 |     59 |     13 |      0 |      0 |   1 |   72.0 |
      Gauntlet |    274 |    274 |      0 |      0 |      0 |   1 |  274.0 |
               +--------+--------+--------+--------+--------+-----+--------+

Top non-repeatable levels by time:
     D:6: 870 daAuts
     D:5: 462 daAuts
     D:9: 325 daAuts
    D:10: 315 daAuts
     D:7: 301 daAuts
Gauntlet: 274 daAuts
     D:3: 264 daAuts
     D:4: 252 daAuts
     D:8: 184 daAuts
    D:11: 184 daAuts
     D:2: 119 daAuts
     D:1: 84 daAuts
  Temple: 72 daAuts

Table legend:
 A = Kills in this place as a percentage of kills in entire the game.
 B = Kills by you in this place as a percentage of kills by you in the entire game.
 C = Kills by friends in this place as a percentage of kills by friends in the entire game.
 D = Other kills in this place as a percentage of other kills in the entire game.
 E = Experience gained in this place as a percentage of experience gained in the entire game.
 F = Experience gained in this place divided by the number of levels of this place that you have seen.
                   A       B       C       D       E      F
               +-------+-------+-------+-------+-------+----------------------
         Total | 100.0 | 100.0 |   N/A |   N/A | 100.0 | 919.4
       Dungeon |  87.3 |  87.3 |   N/A |   N/A |  69.2 | 751.5
      Gauntlet |  12.7 |  12.7 |   N/A |   N/A |  30.8 | 3685.0
               +-------+-------+-------+-------+-------+----------------------
